Map: [ESL] Gresvan

Players

Zoun - Winner!

  • Race: Protoss Protoss

NightMare

  • Race: Protoss Protoss

Event: IEM Katowice 2023

VOD

Have the link to the VOD?

Description

Time

  • Played on: Feb. 8, 2023, 11:09 a.m.
  • Length: 9:41

All games in this series

Show
View Real Time Build Order
Export as new Build Order

Zoun Protoss - Winner!

Build Orders: Oracle Opening 

Get SALT Encoding   

  12  0:00  Probe  
  13  0:12  Probe  
  14  0:17  Pylon  
  14  0:24  Probe (Chrono Boost)  
  15  0:36  Probe (Chrono Boost)  
  15  0:38  Gateway  
  16  0:44  Probe (Chrono Boost)  
  16  0:46  Assimilator  
  17  0:51  Probe  
  18  1:03  Probe (Chrono Boost)  
  19  1:04  Assimilator  
  19  1:10  Gateway  
  19  1:13  Probe (Chrono Boost)  
  20  1:19  Probe  
  21  1:26  Cybernetics Core  
  21  1:31  Probe  
  22  1:37  Pylon  
  22  1:43  Probe  
  23  1:55  Probe  
  24  2:02  Adept, Stalker  
  24  2:04  Warp Gate  
  24  2:07  Probe  
  29  2:14  Pylon  
  29  2:19  Probe  
  30  2:27  Pylon  
  30  2:32  Stargate  
  30  2:57  Nexus  
  30  2:59  Sentry  
  32  3:06  Shield Battery  
  32  3:12  Stalker  
  34  3:19  Oracle (Chrono Boost)  
  37  3:30  Pylon  
  37  3:35  Probe  
  38  3:47  Probe, Twilight Council  
  39  3:55  Stalker  
  41  3:59  Probe  
  42  4:08  Stalker  
  44  4:10  Probe (Chrono Boost)  
  46  4:17  Probe (Chrono Boost)  
  46  4:20  Probe (Chrono Boost)  
  46  4:23  Blink (Chrono Boost)  
  48  4:24  Probe (Chrono Boost)  
  48  4:25  Probe (Chrono Boost)  
  46  4:35  Probe  
  46  4:37  Probe  
  48  4:41  Stalker  
  48  4:42  Pylon  
  50  4:47  Stalker  
  50  4:48  Probe  
  53  4:53  Shield Battery  
  53  4:55  Probe  
  54  5:03  Probe  
  53  5:07  Dark Shrine  
  53  5:10  Assimilator  
  53  5:12  Probe  
  53  5:16  Probe  
  53  5:18  Stalker  
  56  5:21  Gateway  
  56  5:26  Stalker  
  56  5:27  Probe  
  56  5:28  Probe  
  60  5:32  Pylon  
  59  5:39  Probe  
  59  5:40  Probe  
  60  5:44  Shield Battery  
  60  5:46  Robotics Facility  
  57  5:51  Probe  
  57  5:52  Probe  
  59  6:03  Probe  
  60  6:04  Probe  
  61  6:12  Nexus  
  61  6:15  Probe  
  61  6:16  Pylon, Probe  
  63  6:20  Dark Templar  
  63  6:21  Dark Templar  
  67  6:27  Probe  
  67  6:29  Pylon  
  68  6:32  Shield Battery  
  68  6:33  Observer (Chrono Boost)  
  68  6:35  Stalker  
  71  6:44  Probe  
  71  6:45  Probe  
  73  6:47  Pylon  
  73  6:48  Immortal  
  75  6:56  Probe  
  75  6:59  Probe  
  77  7:08  Probe  
  77  7:09  Pylon  
  77  7:11  Probe  
  77  7:12  Stalker x3  
  85  7:21  Forge  
  83  7:23  Probe  
  83  7:26  Probe  
  83  7:28  Charge (Chrono Boost)  
  86  7:30  Shield Battery, Observer  
  86  7:33  Protoss Ground Weapons Level 1  
  84  7:38  Gateway  
  84  7:40  Gateway  
  84  7:41  Gateway  
  84  7:44  Stalker  
  84  7:47  Stalker  
  88  7:55  Pylon  
  88  7:59  Photon Cannon  
  88  8:07  Gateway x2  
  88  8:11  Observer  
  88  8:21  Photon Cannon  
  88  8:22  Gateway  
  88  8:24  Pylon  
  88  8:25  Photon Cannon  
  88  8:27  Stalker x2  
  88  8:30  Stalker  
  94  8:39  Zealot x3  
  100  8:44  Observer  
  100  8:57  Dark Templar x2  
  104  9:04  Zealot x5  
  104  9:05  Zealot  
  114  9:20  Nexus  
  114  9:21  Pylon  
  114  9:23  Stalker  
  100  9:29  Zealot x5  
  98  9:39  Stalker x3  
Show
View Real Time Build Order
Export as new Build Order

NightMare Protoss 

Build Orders: Phoenix Opening 

Get SALT Encoding   

  12  0:00  Probe  
  13  0:12  Probe  
  14  0:17  Pylon  
  14  0:24  Probe  
  15  0:36  Gateway, Probe (Chrono Boost)  
  16  0:46  Assimilator, Probe (Chrono Boost)  
  17  0:51  Probe (Chrono Boost)  
  17  0:55  Assimilator  
  18  1:03  Probe (Chrono Boost)  
  19  1:07  Gateway  
  20  1:12  Probe (Chrono Boost)  
  20  1:17  Probe (Chrono Boost)  
  20  1:24  Cybernetics Core  
  21  1:29  Probe  
  22  1:36  Pylon  
  22  1:41  Probe  
  23  1:54  Probe  
  24  2:01  Warp Gate (Chrono Boost)  
  24  2:02  Sentry, Stalker  
  24  2:06  Probe  
  29  2:13  Pylon  
  29  2:17  Pylon  
  29  2:32  Stalker x2  
  33  2:59  Stargate  
  33  3:01  Probe  
  33  3:07  Nexus  
  33  3:13  Probe  
  34  3:25  Probe  
  35  3:27  Shield Battery  
  35  3:37  Probe  
  35  3:41  Phoenix (Chrono Boost)  
  36  3:44  Pylon  
  38  3:49  Probe  
  38  3:52  Shield Battery  
  39  4:02  Probe, Phoenix (Chrono Boost)  
  42  4:10  Twilight Council  
  42  4:14  Probe  
  43  4:23  Phoenix (Chrono Boost)  
  45  4:29  Probe x2  
  47  4:38  Adept x2  
  51  4:45  Probe x2  
  53  4:52  Dark Shrine  
  53  4:57  Probe x2  
  53  4:59  Assimilator  
  55  5:03  Blink (Chrono Boost)  
  54  5:09  Probe x2  
  56  5:22  Probe x2  
  56  5:23  Shield Battery  
  56  5:25  Gateway  
  56  5:26  Pylon  
  58  5:31  Pylon  
  58  5:37  Probe  
  58  5:38  Probe  
  60  5:50  Stalker x2  
  60  5:51  Gateway  
  58  6:12  Nexus  
  58  6:13  Dark Templar  
  58  6:14  Dark Templar  
  62  6:21  Pylon  
  62  6:23  Probe x2  
  64  6:26  Dark Templar  
  64  6:31  Assimilator  
  66  6:32  Gateway  
  66  6:36  Gateway, Probe x2  
  68  6:42  Oracle (Chrono Boost)  
  64  6:56  Robotics Facility  
  62  7:02  Shield Battery  
  55  7:17  Probe x2  
  53  7:31  Stalker x2  
  53  7:34  Probe x2  
  59  7:39  Pylon  
  59  7:44  Probe  
  59  7:46  Probe x2  
  59  7:47  Stalker  
  64  7:54  Stalker  
  64  7:57  Probe (Chrono Boost)  
  67  7:58  Probe x2 (Chrono Boost)  
  69  8:08  Probe (Chrono Boost)  
  69  8:09  Probe x2 (Chrono Boost)  
  72  8:13  Probe (Chrono Boost)  
  72  8:14  Probe x2 (Chrono Boost)  
  75  8:21  Gateway  
  75  8:23  Gateway  
  75  8:29  Observer  
  76  8:34  Stalker x4  
  76  8:37  Probe x2  
  76  8:40  Probe  
  87  8:49  Pylon, Probe x2  
  86  8:57  Stalker x2  
  86  9:01  Observer  
  87  9:03  Stalker x3  
  87  9:08  Shield Battery, Stalker  
  85  9:20  Zealot x3  
  69  9:25  Dark Templar  
  53  9:36  Zealot x2  

Tags
 
Add a new tag
Caveats
  • Supply blocks, unpowered buildings, or Contaminate may cause inaccurate times.
  • Supply counts are checked every 10 seconds.